 Dungeon Crawl Stone Soup version 0.27.0-1-g7a08968 (webtiles) character file.

Game seed: 15062999095689655989

114 NeededCrab the Caller (level 4, -1/30 HPs)
             Began as a Barachi Summoner on Oct 22, 2021.
             Killed from afar by an orc wizard (6 damage)
             ... with a puff of flame
             ... on level 3 of the Dungeon.
             The game lasted 00:11:05 (5646 turns).

NeededCrab the Caller (Barachi Summoner)            Turns: 5646, Time: 00:11:06

Health: -1/30      AC:  2    Str:  9    XL:     4   Next: 98%
Magic:  0/8        EV: 12    Int: 17    God:
Gold:   137        SH:  0    Dex: 12    Spells: 2/8 levels left

rFire    . . .     SeeInvis .   j - +0 dagger (venom)
rCold    . . .     Faith    .   (no shield)
rNeg     . . .     Spirit   .   a - +0 robe
rPois    .         Reflect  .   (no helmet)
rElec    .         Harm     .   (no cloak)
rCorr    .         Rampage  .   (no gloves)
Will     .....                  (no boots)
Stlth    ++........             (no amulet)
HPRegen  0.10/turn              (no ring)
MPRegen  0.11/turn              (no ring)

@: unable to hop, slow
A: amphibious, slowness 1, strong legs 1, +LOS
a: Hop


You were on level 3 of the Dungeon.
You visited 1 branch of the dungeon, and saw 4 of its levels.

You collected 137 gold pieces.

Inventory:

Hand Weapons
 j - a +0 dagger of venom (weapon)
Armour
 a - a +0 robe (worn)
 d - a +0 plate armour
 h - a +0 ring mail
Wands
 f - a wand of charming (12)
Scrolls
 b - 2 scrolls of teleportation {unknown}
 e - 2 scrolls of identify {unknown}
 g - a scroll of immolation {unknown}
 k - a scroll of enchant armour {unknown}
Potions
 c - a potion of degeneration {unknown}
 i - a potion of ambrosia {unknown}
 l - a potion of haste {unknown}
 m - a potion of heal wounds {unknown}


   Skills:
 + Level 2.2 Armour
 - Level 2.1 Dodging
 - Level 1.7 Stealth
 + Level 2.9 Spellcasting
 * Level 6.1 Summonings
 * Level 1.6 Air Magic


You had 2 spell levels left.
You knew the following spells:

 Your Spells              Type           Power      Damage    Failure   Level
a - Summon Small Mammal   Summ           92%        N/A       1%          1
b - Call Imp              Summ           23%        N/A       2%          2
c - Call Canine Familiar  Summ           23%        N/A       4%          3

Your spell library contained the following spells:

 Spells                   Type           Power      Damage    Failure   Level
 Summon Guardian Golem    Hex/Summ       12%        N/A       16%         3
 Summon Lightning Spire   Summ/Air       15%        N/A       34%         4
 Conjure Flame            Conj/Fire      2%         6-21      47%         3
 Ignite Poison            Fire/Tmut/Pois 2%         N/A       47%         3
 Sticky Flame             Conj/Fire      2%         2d3       87%         4


Dungeon Overview and Level Annotations

Branches:
Dungeon (4/15)
 Temple: D:4-7

Altars:

Shops:
D:2 [


Innate Abilities, Weirdness & Mutations

You are amphibious.
You cover ground slowly.
You can hop short distances.
You have an extended range of vision and can be seen from far away.


Message History

Your crimson imp barely misses the orc priest.
You hear some strange, mumbled words.
Something tries to affect you, but you resist.
You closely miss something. Something hits you.
* * * LOW HITPOINT WARNING * * *
You completely miss something.
Your crimson imp hits the orc priest but does no damage.
Something hits you.
* * * LOW HITPOINT WARNING * * *
You miss something.
Your crimson imp barely misses the orc priest.
Something hits you.
* * * LOW HITPOINT WARNING * * *
Hop to where?
Press: ? - help, Dir - move target Boing!
Your crimson imp closely misses the orc priest.
Casting: Call Imp (safe; 2% risk of failure)
Confirm with . or Enter, or press ? or * to list all spells.
An orc wizard appears from thin air!
Reactivating autopickup.
Your crimson imp closely misses the orc priest.
You swap places.
The orc wizard hits your quokka with a +0 dagger.
Your quokka barely misses the orc wizard.
The orc wizard points at you and mumbles some strange words.
The puff of flame hits your quokka!
Your quokka dies!
Your quokka's corpse disappears in a puff of smoke!
Casting: Summon Small Mammal (safe; 1% risk of failure)
Confirm with . or Enter, or press ? or * to list all spells.
The orc wizard hits your quokka with a +0 dagger.
Your quokka barely misses the orc wizard.
The orc wizard hits your quokka with a +0 dagger.
Your quokka dies!
Your quokka's corpse disappears in a puff of smoke!
Your crimson imp disappears in a puff of smoke!
The orc wizard points at you and mumbles some strange words.
The puff of flame hits you.
You die...

.#######.#...#...###.#.#.#.#
#. .# #..####.#.# #.#.#.#.#
#. .## #.....#.#.# #.#.#.###
#.
..######..####.#.###.#.#...#
#. ..).......#
#.#.#...#.###.# #.
#.######.##
##.#...###.##..#####. ###
####.# #..##### #.#.........
#....####.########.#....#####
#.##..#.....@.......>...# #
#####.....#.#####.#####.#####
..........#.# #.# #5#
..........#.# #.# #o#
..........#.# #o# #.#
......#####.# #o#####.##
#####.#.....# #.ยง.o.5.###
#.#.##### #################
##.#.# ###.......#


You could see an orc priest and an orc wizard.

Vanquished Creatures
  An adder (D:2)
  A worm (D:3)
  An orc (D:2)
  3 endoplasms
  3 giant cockroaches
  A goblin (D:3)
  2 hobgoblins
  2 jackals (D:2)
  A quokka (D:1)
  A ball python (D:1)
  3 bats
  A frilled lizard (D:1)
  A rat (D:3)
21 creatures vanquished.

Vanquished Creatures (collateral kills)
  An iguana (D:4)
  An orc wizard (D:3)
  A killer bee zombie (D:3)
  2 adders (D:3)
  A dart slug (D:3)
  7 orcs
  3 endoplasms
  A giant cockroach (D:2)
  A goblin (D:1)
  6 hobgoblins
  2 jackals (D:1)
  A quokka (D:1)
  7 ball pythons
  5 bats
  2 frilled lizards
  4 kobolds
  A rat (D:1)
46 creatures vanquished.

Grand Total: 67 creatures vanquished

Notes
Turn   | Place    | Note
-------+----------+-------------------------------------------
     0 | D:1      | NeededCrab the Barachi Summoner began the quest for the
                  | Orb.
     0 | D:1      | Reached XP level 1. HP: 13/13 MP: 3/3
   400 | D:1      | Reached skill level 5 in Summonings
   750 | D:1      | Reached XP level 2. HP: 9/19 MP: 0/5
   756 | D:1      | Learned a level 2 spell: Call Imp
  1443 | D:1      | Reached skill level 1 in Armour
  1999 | D:1      | Found a faded altar of an unknown god.
  2147 | D:2      | Reached XP level 3. HP: 13/24 MP: 1/6
  2154 | D:2      | Learned a level 3 spell: Call Canine Familiar
  2336 | D:2      | Found Vuabbo's Antique Armour Boutique.
  3603 | D:3      | Reached XP level 4. HP: 26/30 MP: 1/8
  3842 | D:3      | Reached skill level 1 in Air Magic
  5067 | D:3      | Reached skill level 6 in Summonings
  5646 | D:3      | Killed from afar by an orc wizard

Illustrated notes

Levels and vault maps discovered:
D:1:      nicolae_arrival_somewhat_less_tricky_arrival, layout_loops_ring,
          shapermc_ecumenical_altar_mp_vishouse
D:2:      layout_loops_ring, serial_shops,
          nicolae_shop_competitors_out_of_business
D:3:      layout_loops_ring, serial_co_window_serial, co_window_corner_a,
          co_window_paths_a, co_window_paths_b, co_window_of_opportunity_a,
          co_window_paths_b, co_window_corner_a, co_window_cross_1,
          co_window_of_opportunity_a, co_window_corner_a, co_window_corner_cb,
          co_window_broadway_b, co_window_broadway_b, co_window_corner_b,
          co_window_2corner, co_window_of_opportunity_b,
          co_window_unsneaky_path_c, co_window_paths_e, glass_columns_a,
          glass_columns_b
D:4:      layout_loops_cross, zin_treasury, kennysheep_mini_moat,
          minmay_temple_entry_fiery, uniq_sigmund

Skill      XL: |  1  2  3  4 |
---------------+-------------+-----
Summonings     | 5 6 |  6.1
Armour         | 1 2 |  2.2
Air Magic      | 1 |  1.6
Dodging        | |  2.1
Stealth        | |  1.7
Spellcasting   | |  2.9

Action                   |  1- 3 |  4- 6 || total
-------------------------+-------+-------++-------
Melee: Unarmed           |    18 |       ||    18
       Short sword       |    47 |     4 ||    51
       Dagger            |       |    27 ||    27
 Cast: Summon Small Mamm |    31 |     2 ||    33
       Call Imp          |    53 |    26 ||    79
       Call Canine Famil |       |     1 ||     1
 Abil: Hop               |     1 |     1 ||     2
 Stab: Distracted        |     1 |     1 ||     2
       Sleeping          |     1 |       ||     1
Armor: Robe              |    34 |     2 ||    36
Dodge: Dodged            |    67 |    20 ||    87
